 Dungeon Crawl Stone Soup version 0.26-a0-34-g9e0bf03589 (webtiles) character file.

Game seed: 5691064433107348190, levelgen mode: deterministic

191 Fv001 the Skirmisher (level 5, -6/42 HPs)
             Began as a Demonspawn Fighter on May 29, 2020.
             Mangled by an ogre
             ... wielding a +0 giant club
              (9 damage)
             ... on level 3 of the Dungeon.
             The game lasted 00:06:54 (3393 turns).

Fv001 the Skirmisher (Demonspawn Fighter)           Turns: 3393, Time: 00:06:55

Health: -6/42      AC: 15    Str: 17    XL:     5   Next: 41%
Magic:  5/5        EV:  8    Int:  9    God:
Gold:   115        SH:  9    Dex: 13    Spells: 4/4 levels left

rFire    . . .     SeeInvis .   a - +0 flail
rCold    . . .     Gourm    .   c - +0 kite shield
rNeg     . . .     Faith    .   b - +1 scale mail
rPois    .         Spirit   .   v - +2 helmet
rElec    .         Reflect  .   (no cloak)
rCorr    .         Harm     .   u - +0 pair of gloves
MR       .....                  i - +0 pair of boots
Stlth    ..........             t - amulet of magic regeneration
HPRegen  0.14/turn              (no ring)
MPRegen  0.34/turn              (no ring)

@: mighty
A: hooves 1, molten scales 1
a: no special abilities


You were on level 3 of the Dungeon.
You were not hungry.

You visited 1 branch of the dungeon, and saw 4 of its levels.

You collected 115 gold pieces.

Inventory:

Hand Weapons
 a - a +0 flail (weapon)
Armour
 b - a +1 scale mail (worn)
 c - a +0 kite shield (worn)
 i - a +0 pair of boots (worn)
 u - a +0 pair of gloves (worn)
 v - a +2 helmet (worn)
Jewellery
 l - an uncursed amulet of faith
 t - an amulet of magic regeneration (around neck)
Scrolls
 k - 4 scrolls of identify {unknown}
 m - a scroll of remove curse
 p - a scroll of noise {unknown}
 r - a scroll of teleportation
Potions
 e - a potion of lignification {unknown}
 g - a potion of magic {unknown}
 h - a potion of invisibility {unknown}
 j - 3 potions of heal wounds {unknown}
 n - 3 potions of curing {unknown}
 o - a potion of stabbing {unknown}
 s - a potion of mutation {unknown}
Comestibles
 f - 5 rations


   Skills:
 + Level 3.8 Fighting
 + Level 2.6 Maces & Flails
 + Level 3.5 Armour
 + Level 1.6 Dodging
 + Level 3.6 Shields


You had 4 spell levels left.
You didn't know any spells.
Your spell library was empty.

Dungeon Overview and Level Annotations

Branches:
Dungeon (4/15)
 Temple: D:4-7

Altars:
Uskayaw

Annotations:
D:4 Duvessa


Innate Abilities, Weirdness & Mutations

You have large cloven feet.
You are partially covered in molten scales. (AC +2)


Message History

The crimson imp blinks!
The centaur shoots an arrow.
The arrow hits you!
The centaur shoots an arrow.
The arrow barely misses you.
You see here an arrow.
All of the chunks of flesh in your inventory have rotted away.
There is a stone staircase leading up here.
The ogre barely misses you.
You climb upwards.
There is a stone staircase leading down here.
You feel very mighty all of a sudden.
You thump the ogre!
The ogre is moderately wounded.
The ogre hits you with a +0 giant club!!
* * * LOW HITPOINT WARNING * * *
The ogre hits you with a +0 giant club!
* * * LOW HITPOINT WARNING * * *
You barely miss the ogre.
The ogre is moderately wounded.
The ogre hits you with a +0 giant club!
You die...

######.##.# #.........#
#.##.######.........######
#.##.....................#
######.##......#..............#
.............)..............<.#
##.#######<...................#
##.#######....................#
#..........#.###O........##..##
...#.###.###.###@)............#
.....# #.......[)....######..##
##.#.###.###.###.###.# #..#
#.##...## #.##...##.# #..#
#.###### #.....)...# #..#
#.#### ####...##.# #..# #....#
##.###.# #..# ####.# #.# #.#
#..# #.# #####.# #.## #..#


You could see an ogre.

Vanquished Creatures
  An orc priest (D:3)
  Robin (D:3)
  3 adders
  2 oozes (D:1)
  5 worms
  3 dart slugs
  5 leopard geckos
  5 orcs (D:3)
  5 giant cockroaches
  15 goblins
  5 hobgoblins
  2 jackals (D:2)
  3 quokkas
  2 ball pythons
  A ball python skeleton (D:4)
  5 bats
  5 frilled lizards
  11 kobolds
  7 rats
86 creatures vanquished.

Notes
Turn   | Place    | Note
-------+----------+-------------------------------------------
     0 | D:1      | Fv001 the Demonspawn Fighter began the quest for the Orb.
     0 | D:1      | Reached XP level 1. HP: 18/18 MP: 1/1
    46 | D:1      | Gained mutation: You have large cloven feet. [demonic
                  | ancestry]
    46 | D:1      | Reached XP level 2. HP: 10/24 MP: 2/2
   613 | D:1      | Reached XP level 3. HP: 29/29 MP: 3/3
  1187 | D:2      | Reached skill level 1 in Dodging
  1187 | D:2      | Reached XP level 4. HP: 23/35 MP: 4/4
  2648 | D:3      | Found a hide-covered altar of Uskayaw.
  2988 | D:4      | Noticed Robin
  2998 | D:3      | Gained mutation: You are partially covered in molten
                  | scales. (AC +2) [demonic ancestry]
  2998 | D:3      | Reached XP level 5. HP: 33/42 MP: 5/5
  3074 | D:4      | Noticed Duvessa
  3091 | D:3      | Killed Robin
  3379 | D:4      | Noticed a centaur
  3379 | D:4      | Noticed an ogre
  3393 | D:3      | Mangled by an ogre

Illustrated notes

Levels and vault maps discovered:
D:1:      kennysheep_arrival_seaside, layout_basic
D:2:      layout_rooms, minmay_liquid_box
D:3:      minmay_angry_zag, layout_loops_ring, lemuel_crystal_altar
D:4:      layout_rooms, minmay_temple_entry_antechambers, serial_shops,
          nicolae_shop_waterfront, portal_sewer_entry_a, first_ration,
          minmay_hedge_maze, nicolae_ashenzari_panopticon, uniq_duvessa,
          uniq_robin

Skill      XL: |  1  2  3 |
---------------+----------+-----
Shields        | 3 |  3.6
Armour         | 3 |  3.5
Maces & Flails | 2 |  2.6
Dodging        | 1 |  1.6
Fighting       | |  3.8

Action                   |  1- 3 |  4- 6 || total
-------------------------+-------+-------++-------
Melee: Flail             |   133 |   160 ||   293
       Kick              |    23 |    23 ||    46
  Use: Scroll            |     4 |     1 ||     5
       Potion            |       |     2 ||     2
  Eat: Chunk             |     1 |     7 ||     8
Armor: Scale mail        |    77 |    97 ||   174
Dodge: Dodged            |    37 |    46 ||    83
Block: Kite shield       |    86 |    80 ||   166

Table legend:
 A = Non-vault XP
 B = Vault XP
 C = Vault XP percentage of total XP
 D = Non-vault monster count
 E = Vault monster count
 F = Vault count percentage of total count
                 A         B        C        D         E       F
            +---------+---------+-------+---------+---------+-------
      Total |     237 |      36 |  13.2 |      73 |      13 |  15.1
            +---------+---------+-------+---------+---------+-------
        D:1 |      49 |       0 |   0.0 |      22 |       0 |   0.0
        D:2 |      95 |       0 |   0.0 |      33 |       0 |   0.0
        D:3 |      92 |      33 |  26.4 |      17 |      11 |  39.3
        D:4 |       1 |       3 |  75.0 |       1 |       2 |  66.7
            +---------+---------+-------+---------+---------+-------
